 Dungeon Crawl Stone Soup version 0.30.0-5-g1a98f26d00 (webtiles) character file.

Game seed: 13030271132984336088

18 CaptainMV the Vexing (level 2, 0/23 HPs)
             Began as a Gnoll Hexslinger on May 11, 2023.
             Constricted to death by a ball python (1 damage)
             ... on level 1 of the Dungeon.
             The game lasted 00:02:24 (188 turns).

CaptainMV the Vexing (Gnoll Hexslinger)              Turns: 188, Time: 00:02:24

Health: 0/23       AC:  2    Str:  9    XL:     2   Next: 66%
Magic:  5/5        EV: 10    Int: 12    God:
Gold:   23         SH:  0    Dex: 12    Spells: 5/6 levels left

rFire   + . .        b - +0 short sword
rCold   . . .        (no shield)
rNeg    . . .        c - +0 robe
rPois   .            (no helmet)
rElec   .            (no cloak)
rCorr   .            (no gloves)
SInv    .            (no boots)
Will    .....        (no amulet)
Stlth   +            f - ring of protection from fire
HPRegen 0.23/turn    (no ring)
MPRegen 0.09/turn

%: no passive effects
@: constricted
A: fangs 1, strong nose, distributed training
a: no special abilities


You were on level 1 of the Dungeon.
You visited 1 branch of the dungeon, and saw 1 of its levels.

You collected 23 gold pieces.

Inventory:

Hand Weapons
 a - a +1 sling
 b - a +0 short sword (weapon)
Armour
 c - a +0 robe (worn)
Jewellery
 f - a ring of protection from fire (left hand)
 g - a ring of resist corrosion
Scrolls
 d - a scroll of poison
 e - a scroll of identify {unknown}


   Skills:
 + Level 2.5 Fighting
 + Level 0.5 Short Blades
 + Level 0.5 Long Blades
 + Level 0.5 Axes
 + Level 0.5 Maces & Flails
 + Level 0.5 Polearms
 + Level 0.5 Staves
 + Level 4.5 Ranged Weapons
 + Level 0.5 Throwing
 + Level 0.5 Armour
 + Level 4.5 Dodging
 + Level 0.5 Stealth
 + Level 0.5 Shields
 + Level 0.5 Unarmed Combat
 + Level 2.7 Spellcasting
 + Level 0.3 Conjurations
 + Level 5.3 Hexes
 + Level 0.3 Summonings
 + Level 0.3 Necromancy
 + Level 0.3 Translocations
 + Level 0.3 Transmutations
 + Level 0.3 Fire Magic
 + Level 0.3 Ice Magic
 + Level 0.3 Air Magic
 + Level 0.3 Earth Magic
 + Level 0.3 Poison Magic
 + Level 0.6 Invocations
 + Level 0.5 Evocations


You had 5 spell levels left.
You knew the following spells:

 Your Spells              Type           Power      Damage    Failure   Level
a - Slow                  Hex            56%        N/A       2%          1

Your spell library contained the following spells:

 Spells                   Type           Power      Damage    Failure   Level
 Inner Flame              Hex/Fire       8%         N/A       24%         3
 Portal Projectile        Hex/Tloc       16%        N/A       24%         3
 Cause Fear               Hex            7%         N/A       26%         4


Dungeon Overview and Level Annotations

Branches:
Dungeon (1/15)

Altars:


Innate Abilities, Weirdness & Mutations

You have very sharp teeth.
Your uncanny sense of smell can sniff out nearby items.
Your experience applies equally to all skills.


Message History

The ball python grabs you. The ball python constricts you.
The hobgoblin closely misses you. The ball python bites you.
The ball python constricts you.
You hit the hobgoblin.
The hobgoblin is almost dead.
The hobgoblin barely misses you.
The ball python bites you but does no damage.
The ball python constricts you.
You barely miss the hobgoblin.
The hobgoblin is almost dead.
The hobgoblin hits you but does no damage.
The ball python closely misses you. The ball python constricts you.
You hit the hobgoblin.
You kill the hobgoblin!
The ball python bites you. The ball python constricts you.
You closely miss the kobold. The ball python closely misses you.
The ball python constricts you.
* * * LOW HITPOINT WARNING * * *
The kobold hits you but does no damage.
You barely miss the kobold. The ball python closely misses you.
The ball python constricts you.
* * * LOW HITPOINT WARNING * * *
The kobold hits you but does no damage.
The ball python bites you but does no damage.
The ball python constricts you.
You closely miss the kobold. The kobold closely misses you.
The ball python bites you.
* * * LOW HITPOINT WARNING * * *
The ball python constricts you.
You hit the kobold but do no damage. The kobold hits you but does no damage.
The ball python bites you.
* * * LOW HITPOINT WARNING * * *
The ball python constricts you.
You hit the kobold but do no damage. The kobold hits you but does no damage.
The ball python bites you.
* * * LOW HITPOINT WARNING * * *
The ball python constricts you.
You barely miss the kobold. The ball python barely misses you.
The ball python constricts you.
You die...

#.##### ∆ #.#....
#...... ∆ #...... ∆
#..†... #.#...#
.####.#.... #.########
...........
......K@.########..†....
..######S##...# #..#.#..
#.##...# #..#.#..
#.##...###..#.#..
#...........#.#..
#...........#.#..
#.........#.#.#.. ∆
..........####.#.#..
####.##...# #.#†#..


You could see a ball python and a kobold.

Vanquished Creatures
  A ball python (D:1)
  2 bats (D:1)
  4 hobgoblins (D:1)
  2 jackals (D:1)
  A kobold (D:1)
  2 quokkas (D:1)
  3 rats (D:1)
15 creatures vanquished.

Notes
Turn   | Place    | Note
-------+----------+-------------------------------------------
     0 | D:1      | CaptainMV the Gnoll Hexslinger began the quest for the Orb.
     0 | D:1      | Reached XP level 1. HP: 17/17 MP: 4/4
    91 | D:1      | Reached XP level 2. HP: 21/23 MP: 5/5
   187 | D:1      | HP: 1/23 [ball python (1)]
   188 | D:1      | Constricted to death by a ball python

Illustrated notes

Levels and vault maps discovered:
D:1:      tarquinn_simple_flora_water_e, layout_loops_ring

Action                     || total
---------------------------++-------
  Melee: Short sword       ||    55
         Bite              ||     5
   Fire: Sling             ||    18
 Armour: Robe              ||    13
  Dodge: Dodged            ||    44
